 Dungeon Crawl Stone Soup version 0.30-a0-930-gb9d0489357 (webtiles) character file.

Game seed: 16402546658040045801

585 mopl the Sneak (level 7, 0/43 HPs)
             Began as an Octopode Hexslinger on Mar 23, 2023.
             Slain by a kobold brigand
             ... wielding a +0 whip
              (8 damage)
             ... on level 5 of the Dungeon.
             The game lasted 00:06:29 (4002 turns).

mopl the Sneak (Octopode Hexslinger)                Turns: 4002, Time: 00:06:29

Health: 0/43       AC:  1    Str:  9    XL:     7   Next: 37%
Magic:  11/11      EV: 13    Int: 17    God:
Gold:   203        SH:  0    Dex: 13    Spells: 9/12 levels left

rFire   . . .      SeeInvis .    b - +0 quick blade
rCold   . . .      Faith    .    m - orb {*Rage}
rNeg    . . .      Spirit   .    (helmet restricted)
rPois   .          Reflect  .    (no amulet)
rElec   .          Rampage  .    (no ring)
rCorr   .          Rage     20%  (no ring)
Will    .....                    (no ring)
Stlth   ++++                     (no ring)
HPRegen 0.27/turn                (no ring)
MPRegen 0.12/turn                (no ring)
                                 (no ring)
                                 (no ring)

@: no status effects
A: almost no armour, amphibious, 8 rings, camouflage 1, gelatinous body 1,
(nimble swimmer 1), tentacles
a: no special abilities


You were on level 5 of the Dungeon.
You visited 1 branch of the dungeon, and saw 5 of its levels.

You collected 203 gold pieces.

Inventory:

Hand Weapons
 a - a +1 sling
 b - a +0 quick blade (weapon)
 q - a +0 antimagic dagger
Missiles
 g - 6 poisoned darts
 k - 2 atropa-tipped darts
Armour
 m - an orb of wrath (worn)
Jewellery
 c - a ring of ice
Wands
 p - a wand of roots (5)
Scrolls
 e - 2 scrolls of poison
 h - a scroll of magic mapping {unknown}
 n - 4 scrolls of enchant weapon {unknown}
 o - 3 scrolls of immolation {unknown}
 s - a scroll of blinking {unknown}
Potions
 d - a potion of mutation {!q}
 f - a potion of haste
 i - a potion of resistance
 j - a potion of might
 l - 2 potions of heal wounds
 r - a potion of curing


   Skills:
 - Level 1.0 Fighting
 + Level 2.1 Short Blades
 - Level 4.0 Ranged Weapons
 - Level 2.0 Dodging
 + Level 5.0 Stealth
 + Level 3.0 Spellcasting
 + Level 4.9 Hexes


You had 9 spell levels left.
You knew the following spells:

 Your Spells              Type           Power      Damage    Failure   Level
a - Slow                  Hex            76%        N/A       2%          1
b - Ensorcelled Hibernat  Hex/Ice        22%        N/A       10%         2

Your spell library contained the following spells:

 Spells                   Type           Power      Damage    Failure   Level
 Beastly Appendage        Tmut           4%         N/A       17%         1
 Inner Flame              Hex/Fire       11%        N/A       19%         3
 Portal Projectile        Hex/Tloc       22%        N/A       19%         3
 Cause Fear               Hex            9%         N/A       22%         4
 Wereblood                Tmut           2%         N/A       26%         2
 Spider Form              Tmut/Pois      2%         N/A       45%         3
 Anguish                  Hex/Necr       5%         N/A       54%         4
 Enfeeble                 Hex            9%         N/A       100%        7


Dungeon Overview and Level Annotations

Branches:
Dungeon (5/15)
 Temple: D:4-7

Altars:
Ashenzari
Gozag


Innate Abilities, Weirdness & Mutations

You cannot wear most types of armour.
You are amphibious.
You can wear up to eight rings at the same time.
Your skin changes colour to match your surroundings (Stealth+).
Your rubbery body absorbs attacks. (AC +1, EV +1)
((You are camouflaged when in or above water. (Stealth+)))
You have tentacles for arms and can constrict up to eight enemies at once.


Message History

a +0 club; a stone; a kobold corpse You are too injured to fight recklessly!
You are too injured to fight recklessly!
You are too injured to fight recklessly!
You are too injured to fight recklessly!
You barely miss the kobold brigand. You grab the kobold brigand.
Your squeeze misses the kobold brigand. You constrict the kobold brigand.
You completely miss the kobold brigand. You squeeze the kobold brigand.
The kobold brigand is lightly wounded.
You constrict the kobold brigand. The kobold closely misses you.
The kobold brigand closely misses you.
You hit the kobold brigand but do no damage.
The kobold brigand is lightly wounded.
You constrict the kobold brigand. You hit the kobold brigand.
The kobold brigand is moderately wounded.
You constrict the kobold brigand, but do no damage.
The kobold brigand hits you with a +0 whip.
* * * LOW HITPOINT WARNING * * *
The kobold barely misses you.
You hit the kobold brigand.
The kobold brigand is moderately wounded.
You constrict the kobold brigand, but do no damage.
The kobold misses you.
The kobold brigand hits you with a +0 whip.
* * * LOW HITPOINT WARNING * * *
You hit the kobold brigand.
The kobold brigand is moderately wounded.
You constrict the kobold brigand, but do no damage.
You hit the kobold brigand but do no damage.
The kobold brigand is moderately wounded.
You constrict the kobold brigand, but do no damage.
The kobold closely misses you. The kobold brigand closely misses you.
You hit the kobold but do no damage. Your grab misses the kobold.
Your squeeze misses the kobold. You constrict the kobold brigand.
You hit the kobold.
You kill the kobold!
You constrict the kobold brigand.
The kobold brigand hits you with a +0 whip!
You die...

### #######.....
######...<.......
#.........#...###
#)####.##.# ..#
#.##... .#
#@####.#.#
#KKK......
#K.......#
##.......#
#.......#
#.......#
#?......#
#..$.....
#########


You could see a kobold brigand and 3 kobolds.

Vanquished Creatures
  Grinder (D:3)
  An orc warrior (D:4)
  An ogre (D:3)
  An iguana (D:5)
  Robin (D:3)
  5 adders (D:3)
  5 worms
  2 dart slugs
  8 orcs
  7 ball pythons
  6 endoplasms
  6 giant cockroaches
  8 hobgoblins
  4 jackals (D:3)
  5 quokkas
  5 bats
  6 frilled lizards
  14 goblins
  9 kobolds
  7 rats
102 creatures vanquished.

Notes
Turn   | Place    | Note
-------+----------+-------------------------------------------
     0 | D:1      | mopl the Octopode Hexslinger began the quest for the Orb.
     0 | D:1      | Reached XP level 1. HP: 13/13 MP: 2/2
   116 | D:1      | Reached XP level 2. HP: 18/18 MP: 1/3
   568 | D:1      | Reached XP level 3. HP: 21/23 MP: 5/5
   849 | D:2      | Reached skill level 3 in Ranged Weapons
  1030 | D:2      | Learned a level 2 spell: Ensorcelled Hibernation
  1416 | D:2      | Reached skill level 1 in Stealth
  1634 | D:2      | Reached XP level 4. HP: 27/28 MP: 6/6
  1673 | D:3      | Noticed Robin
  1787 | D:3      | Noticed Grinder
  1832 | D:3      | Killed Grinder
  1833 | D:3      | Reached skill level 4 in Ranged Weapons
  1833 | D:3      | Reached skill level 3 in Stealth
  1833 | D:3      | Reached skill level 2 in Spellcasting
  1833 | D:3      | Reached skill level 4 in Hexes
  1833 | D:3      | Reached XP level 5. HP: 27/33 MP: 5/9
  1833 | D:3      | Reached XP level 6. HP: 31/38 MP: 5/10
  1934 | D:3      | Found an opulent altar of Gozag.
  2558 | D:3      | Reached skill level 1 in Short Blades
  2558 | D:3      | Reached skill level 4 in Stealth
  2558 | D:3      | Reached skill level 3 in Spellcasting
  2558 | D:3      | Reached XP level 7. HP: 19/43 MP: 11/11
  2802 | D:3      | Found an opulent altar of Gozag.
  3215 | D:3      | Killed Robin
  3424 | D:4      | Found a broken altar of Ashenzari.
  3440 | D:4      | Identified the +0 ring mail "Sanaovu" {rElec Int+3}
  3528 | D:4      | Reached skill level 2 in Short Blades
  3906 | D:5      | Entered Level 5 of the Dungeon
  3917 | D:5      | Reached skill level 5 in Stealth
  4002 | D:5      | Slain by a kobold brigand

Illustrated notes

Levels and vault maps discovered:
D:1:      minmay_arrival_open_corners, layout_basic, minmay_quantized
D:2:      layout_basic
D:3:      layout_basic, nicolae_gozag_cash_rules_everything_around_me,
          kennysheep_path_1, nicolae_half_adder, uniq_robin, uniq_grinder
D:4:      layout_basic, ashenzari_conservatory_becter, corexii_shack
D:5:      layout_loops_cross, mainiacjoe_overflow_alcove_4,
          nicolae_tso_carved_into_rock, vehumet_crystals

Skill      XL: |  1  2  3  4  5  6  7 |
---------------+----------------------+-----
Ranged Weapons | 3 4 |  4.0
Stealth        | 1 3 4 5 |  5.0
Spellcasting   | 2 3 |  3.0
Hexes          | 4 |  4.9
Short Blades   | 1 2 |  2.1
Fighting       | |  1.0
Dodging        | |  2.0

Action                     |  1- 3 |  4- 6 |  7- 9 || total
---------------------------+-------+-------+-------++-------
  Melee: Quick blade       |    62 |   128 |    62 ||   252
         Constrict         |    17 |    25 |    14 ||    56
         Tentacles         |    12 |    36 |    16 ||    64
         Punch             |     1 |     3 |     1 ||     5
   Fire: Sling             |    93 |     5 |       ||    98
   Cast: Slow              |     3 |     2 |       ||     5
    Use: Scroll            |       |       |     6 ||     6
   Stab: Sleeping          |     3 |     4 |     2 ||     9
 Armour: Skin              |     4 |     7 |     2 ||    13
  Dodge: Dodged            |    50 |    46 |    33 ||   129

Table legend: (Time is in decaauts)
 A = Elapsed time spent in this place.
 B = Non-inter-level travel time spent in this place.
 C = Inter-level travel time spent in this place.
 D = Time resting spent in this place.
 E = Time spent auto-exploring this place.
 F = Levels seen in this place.
 G = Mean time per level.
                   A        B        C        D        E       F      G
               +--------+--------+--------+--------+--------+-----+--------+
         Total |   3945 |   3770 |    175 |    326 |   2747 |   5 |  789.0 |
       Dungeon |   3945 |   3770 |    175 |    326 |   2747 |   5 |  789.0 |
               +--------+--------+--------+--------+--------+-----+--------+

Top non-repeatable levels by time:
     D:3: 1582 daAuts
     D:2: 900 daAuts
     D:1: 799 daAuts
     D:4: 575 daAuts
     D:5: 87 daAuts
